 Dungeon Crawl Stone Soup version 0.21.1-1-g345015f (webtiles) character file.

154 CougarLife the Chopper (level 5, -5/32 HPs)
             Began as a Gargoyle Fighter on June 6, 2018.
             Slain by an ogre
             ... wielding a +0 giant spiked club
              (12 damage)
             ... on level 4 of the Dungeon.
             The game lasted 00:03:03 (1922 turns).

CougarLife the Chopper (Gargoyle Fighter)           Turns: 1922, Time: 00:03:04

Health: -5/32      AC: 10    Str: 20    XL:     5   Next: 36%
Magic:  5/5        EV:  7    Int:  9    God:
Gold:   73         SH:  9    Dex:  9    Spells: 4/4 levels left

rFire    . . .     SeeInvis .   a - +0 war axe
rCold    . . .     Gourm    .   c - +0 shield
rNeg     + . .     Faith    .   b - +0 scale mail
rPois    ∞         Spirit   .   (no helmet)
rElec    +         Reflect  .   (no cloak)
rCorr    .         Harm     .   (no gloves)
MR       .....                  (no boots)
Stlth    ..........             (no amulet)
HPRegen  0.10/turn              (no ring)
MPRegen  0.09/turn              (no ring)

@: no status effects
A: negative energy resistance 1, electricity resistance, unbreathing,
petrification resistance, rot immunity, AC +4
a: no special abilities


You were on level 4 of the Dungeon.
You were not hungry.

You visited 1 branch of the dungeon, and saw 3 of its levels.

You collected 73 gold pieces.

Inventory:

Hand Weapons
 a - a +0 war axe (weapon)
Armour
 b - a +0 scale mail (worn)
 c - a +0 shield (worn)
Scrolls
 h - 3 scrolls of teleportation
 i - a scroll of identify {unknown}
 k - a scroll of remove curse {unknown}
 m - 2 scrolls of enchant armour {unknown}
Potions
 e - 2 potions of haste {unknown}
 j - 2 potions of lignification {unknown}
 l - a potion of invisibility {unknown}
 n - a potion of curing {unknown}
Comestibles
 f - 5 rations


   Skills:
 - Level 3.2 Fighting
 + Level 4.9 Axes
 - Level 3.2 Armour
 - Level 3.2 Shields


You had 4 spell levels left.
You didn't know any spells.

Dungeon Overview and Level Annotations

Branches:
Dungeon (2/15)

Altars:
Dithmenos
Gozag
Xom


Innate Abilities, Weirdness & Mutations

You are resistant to torment.
Your stone body is resilient. (AC +4)
You are immune to poison.
You resist negative energy. (rN+)
You are resistant to electric shocks. (rElec)
You can survive without breathing.
You are immune to petrification.
You are immune to rotting.


Message History

Found 26 arrows.
An ogre comes into view. It is wielding a giant spiked club.
The ogre shouts!
You block the ogre's attack.
Your scale mail prevents you from hitting the ogre.
The ogre barely misses you.
You slash the ogre!
The ogre is heavily wounded.
The ogre closely misses you.
You hit the ogre but do no damage.
The ogre is heavily wounded.
The ogre hits you with a giant spiked club!!
Ouch! That really hurt!
* * * LOW HITPOINT WARNING * * *
You are too injured to fight recklessly!
You are too injured to fight recklessly!
You slash the ogre!
The ogre is almost dead.
The ogre hits you with a giant spiked club!
You die...

#...#......# #..#
#..........## ##.#
#......##...## #.#
#####.####...## #.#
#.# ##...###.## #.##
##...##..### #..#
##.........
#..######...(.....
#@................
#O.(.............##
....................
##....#.............#
##.#####.........###
#. #........## #.
........## #.
......... .........


You could see an ogre.

Vanquished Creatures
  An ogre (D:4)
  2 adders (D:2)
  2 oozes (D:1)
  A worm (D:2)
  3 dart slugs
  2 ball pythons (D:1)
  5 goblins
  2 hobgoblins (D:1)
  2 jackals (D:2)
  A quokka (D:2)
  3 bats
  2 frilled lizards (D:1)
  7 kobolds
  3 rats
36 creatures vanquished.

Notes
Turn   | Place    | Note
-------+----------+-------------------------------------------
     0 | D:1      | CougarLife the Gargoyle Fighter began the quest for the Orb.
     0 | D:1      | Reached XP level 1. HP: 14/14 MP: 1/1
    38 | D:1      | Reached skill level 2 in Axes
    98 | D:1      | Reached XP level 2. HP: 16/19 MP: 2/2
   338 | D:1      | Reached skill level 3 in Axes
   417 | D:1      | Reached XP level 3. HP: 23/23 MP: 3/3
   835 | D:2      | Found a shadowy altar of Dithmenos.
  1052 | D:2      | Reached XP level 4. HP: 24/28 MP: 4/4
  1351 | D:2      | Found an opulent altar of Gozag.
  1380 | D:2      | Found a white marble altar of Elyvilon.
  1382 | D:2      | Found a shimmering altar of Xom.
  1382 | D:2      | Found a sacrificial altar of Ru.
  1384 | D:2      | Found a sparkling altar of Nemelex Xobeh.
  1384 | D:2      | Found a deep blue altar of Sif Muna.
  1384 | D:2      | Found a shadowy altar of Dithmenos.
  1447 | D:2      | Reached skill level 4 in Axes
  1631 | D:2      | You fall through a shaft for 2 floors!
  1660 | D:4      | Noticed an ogre
  1668 | D:4      | Killed an ogre
  1668 | D:4      | Reached XP level 5. HP: 8/32 MP: 5/5
  1916 | D:4      | Noticed an ogre
  1922 | D:4      | Slain by an ogre

Skill      XL: |  1  2  3  4 |
---------------+-------------+-----
Axes           | 2 3 4 |  4.9
Fighting       | |  3.2
Armour         | |  3.2
Shields        | |  3.2

Action                   |  1- 3 |  4- 6 || total
-------------------------+-------+-------++-------
Melee: War axe           |   111 |    22 ||   133
  Use: Scroll            |     1 |       ||     1
       Potion            |       |     1 ||     1
  Eat: Chunk             |     1 |       ||     1
       Ration            |       |     1 ||     1
Armor: Scale mail        |    78 |    12 ||    90
Dodge: Dodged            |    39 |    10 ||    49
Block: Shield            |    71 |    13 ||    84
